AoeStats
← Boaty McBoatface

Arabia

510617519Analyzed
2v2 RM · 1d ago on Oct 1, 2026· 40m 30s· 4 players
Game mode
Random Map
Map size
Medium (4 player)
Population
200
Speed
Normal
Resources
Standard
Victory
Conquest
Starting age
Dark Age
Ending age
Imperial Age
RankedLock teamsTeams togetherTeam positionsShared explorationLock speedFull tech treeHidden civsTurbo modeCheats
Victory
Defeat
🇩🇪 Ethiopians · Germany
1033
+18
🇩🇪 Armenians · Germany
1030
+18
🇩🇪 Jurchens · Germany
1104
-19
🇩🇪 Japanese · Germany
1056
-17
f.f.reinhardt
8:26 Loom
11:21 Feudal Age
12:13 Double-Bit Axe
12:53 Man-at-Arms
14:37 Scale Mail Armor
14:43 Long Swordsman
17:36 Arson
22:59 Castle Age
23:15 Pikeman
23:56 Squires
26:53 Bow Saw
26:26 Horse Collar
35:57 Town Watch
36:40 Two-Handed Swordsman
38:40 Forging
40:06 Wheelbarrow
xXxSk8freakxXx
6:40 Loom
9:42 Feudal Age
9:46 Man-at-Arms
10:26 Double-Bit Axe
15:24 Fletching
18:43 Padded Archer Armor
19:58 Gold Mining
24:01 Castle Age
24:13 Crossbowman
25:14 Bodkin Arrow
28:43 Leather Archer Armor
29:28 Wheelbarrow
35:37 Gold Shaft Mining
36:47 Ballistics
40:26 Imperial Age
41:06 Bow Saw
IsInYourFacex77
7:45 Loom
11:41 Feudal Age
17:47 Castle Age
16:07 Double-Bit Axe
17:50 Scale Barding Armor
24:03 Bloodlines
26:35 Chain Barding Armor
27:28 Scale Mail Armor
30:20 Town Watch
31:47 Forging
35:00 Wheelbarrow
35:16 Wheelbarrow
34:42 Town Patrol
34:43 Husbandry
38:01 Horse Collar
39:03 Hand Cart
40:33 Iron Casting
Boaty McBoatface
0:36 Loom
9:04 Loom
11:24 Feudal Age
11:56 Double-Bit Axe
11:57 Horse Collar
11:51 Man-at-Arms
16:17 Forging
27:54 Castle Age
28:05 Elite Skirmisher
28:51 Fletching
29:03 Padded Archer Armor
Connection lost

Rejoining the realm…

Still unreachable

The connection could not be restored.

Session expired

The server has moved on; the page needs a fresh start.